 Dungeon Crawl Stone Soup version 0.24.0-123-gd5b16e6ec5 (webtiles) character file.

Game seed: 8153096361023967770, levelgen mode: deterministic

242689 ReteAZ the Executioner (level 18, -22/169 HPs)
             Began as a Minotaur Berserker on Dec 31, 2019.
             Was the Champion of Trog.
             Annihilated by a reaper
             ... wielding a +2 scythe of freezing
             ... summoned by a lich
              (60 damage)
             ... on level 1 of the Vaults on Jan 1, 2020.
             The game lasted 01:37:33 (34837 turns).

ReteAZ the Executioner (Minotaur Berserker)        Turns: 34837, Time: 01:37:35

Health: -22/169    AC: 31    Str: 29    XL:     18   Next: 68%
Magic:  21/21      EV: 19    Int:  7    God:    Trog [******]
Gold:   3156       SH:  3    Dex: 12    Spells: 17/17 levels left

rFire    + + .     SeeInvis .   f - +7 battleaxe of Umifix Diaw {drain, rF+ Int+3}
rCold    + + .     Gourm    .   (shield currently unavailable)
rNeg     . . .     Faith    .   H - +3 plate armour {rC+}
rPois    .         Spirit   .   S - +2 hat
rElec    .         Reflect  +   h - scarf {rC+ rF+}
rCorr    .         Harm     .   Z - +0 pair of gloves {Dex+3}
MR       +....                  Y - +0 pair of boots
Stlth    ..........             n - +3 amulet of reflection
HPRegen  0.00/turn              a - +5 ring of protection
MPRegen  0.17/turn              O - +4 ring of evasion

@: lethally poisoned (-22 -> -41)
A: retaliatory headbutt, horns 2, blurry vision 1, clumsy 1, inhibited
regeneration
}: 2/15 runes: decaying, gossamer
a: Berserk, Trog's Hand, Brothers in Arms, Renounce Religion


You were on level 1 of the Vaults.
You worshipped Trog.
Trog was exalted by your worship.
You were not hungry.

You visited 6 branches of the dungeon, and saw 32 of its levels.
You also visited: Gauntlet.

You collected 3582 gold pieces.
You spent 426 gold pieces at shops.

Inventory:

Hand Weapons
 f - the +7 battleaxe of Umifix Diaw (weapon) {drain, rF+ Int+3}
   (Trog gifted it to you on level 6 of the Lair of Beasts)

   A truly terrible weapon, it drains the life of those it strikes.
   It affects your intelligence (+3).
   It protects you from fire.
 o - a +2 broad axe of flaming
 J - a +1 vampiric broad axe
 W - a +3 antimagic executioner's axe
Missiles
 M - 17 silver javelins (quivered)
Armour
 h - a scarf of resistance (worn)
 z - a +0 buckler
 H - a +3 plate armour of cold resistance (worn)
 R - a scarf of repulsion
 S - a +2 hat (worn)
 Y - a +0 pair of boots (worn)
 Z - a +0 pair of gloves of dexterity (worn)
Jewellery
 a - a +5 ring of protection (left hand)
 n - a +3 amulet of reflection (around neck)
 q - an uncursed ring of poison resistance
 E - an uncursed ring of protection from cold
 I - an uncursed ring of see invisible
 O - a +4 ring of evasion (right hand)
 V - an uncursed ring of resist corrosion
Wands
 l - a wand of acid (24)
 x - a wand of iceblast (8)
 y - a wand of digging (12)
 T - a wand of clouds (4)
Scrolls
 d - 2 scrolls of blinking
 e - 7 scrolls of identify
 g - 4 scrolls of fog
 m - a scroll of fear {unknown}
 u - 3 scrolls of noise {unknown}
 v - 14 scrolls of teleportation
 w - 13 scrolls of remove curse
 D - a scroll of silence {unknown}
 F - 10 scrolls of enchant armour
 K - 2 scrolls of vulnerability {unknown}
 L - 8 scrolls of enchant weapon
 P - 2 scrolls of random uselessness {unknown}
 Q - 3 scrolls of magic mapping
 U - a scroll of holy word
Potions
 b - a potion of invisibility
 i - 3 potions of berserk rage
 j - 5 potions of might
 k - 8 potions of haste
 p - 6 potions of heal wounds
 r - 5 potions of flight
 s - a potion of cancellation {unknown}
 A - 10 potions of curing
 C - 2 potions of mutation {unknown}
 G - 5 potions of resistance
 N - 6 potions of agility
 X - 7 potions of ambrosia
Comestibles
 c - 55 rations
 t - 4 chunks of flesh


   Skills:
 + Level 17.1 Fighting
 * Level 25.4 Axes
 + Level 16.7 Armour
 - Level 13.1 Dodging
 - Level 4.0 Shields
 - Level 6.0 Evocations


You had 17 spell levels left.
You didn't know any spells.
Your spell library was empty.

Dungeon Overview and Level Annotations

Branches:
Dungeon (15/15)            Temple (0/1) D:4            Lair (6/6) D:11
  Swamp (4/4) Lair:3       Spider (4/4) Lair:2        Slime (0/5) Lair:5
    Orc (2/2) D:10            Elf (0/3) Orc:2        Vaults (1/5) D:14
 Depths (0/5) D:15        Gauntlet (visited)

Altars:
Dithmenos
Elyvilon
Hepliaklqana
Nemelex Xobeh
Okawaru
Uskayaw
Wu Jian
Xom
The Shining One
Beogh

Shops:
D:4 :   D:7 %   D:9 *   D:12 (   D:13 *   D:14 **   Orc:2 }=![

Portals:
Trove: D:11 (give +3 ice dragon scales)

Annotations:
Swamp:4 1 runed translucent door, Peloso's ghost, adept MiFi


Innate Abilities, Weirdness & Mutations

You reflexively headbutt those who attack you in melee.
You have a pair of horns on your head.
Scrolls take you a little longer to read.
You are clumsy. (Dex -2)
You do not regenerate when monsters are visible.


Message History

You feel sick.
The ironbrand convoker gestures at the reaper while chanting.
The reaper seems to grow stronger.
The cacodemon completely misses you.
The cacodemon hits you but does no damage.
You feel less confused.
You feel sick. The reaper misses you. The cacodemon barely misses you.
The cacodemon misses you.
You slash the reaper!
You headbutt the reaper, but do no damage.
The reaper is lightly wounded.
You miss something. You slice the cacodemon!!
You feel sick.
Something touches you but does no damage.
Unknown command.
You slash the cacodemon!
The cacodemon is almost dead.
You hit the ironbrand convoker but do no damage.
You hit something. You closely miss the reaper.
You feel sick. The cacodemon misses you. The cacodemon completely misses you.
The reaper hits you with a +2 scythe of freezing!!!
You die...

#..............
#..............
#..............
#############+#########
#..............#
#..............#
#(.............+
#....p.........#
#....2@........#
#....2)........+
#####u########## #.1.#
.....# ........
...........
............
.............


You could see a cacodemon, a reaper, a red ugly thing and an ironbrand convoker.

Vanquished Creatures
  Jorgrun (Orc:2)
  Asterion (Vaults:1)
  Rupert (Orc:2)
  Gastronok (Lair:1)
  A thorn hunter (Swamp:4)
  2 tengu reavers
  Roxanne (Swamp:4)
  A deep elf sorcerer (Vaults:1)
  Aizul (Swamp:2)
  4 ghost moths
  3 vault wardens (Vaults:1)
  An orc warlord (Orc:2)
  11 emperor scorpions
  2 very ugly things
  4 ironheart preservers (Vaults:1)
  A deep elf annihilator (Vaults:1)
  A minotaur (Gauntlet)
  A spark wasp (Spider:4)
  An ettin (Orc:2)
  Snorg (Orc:2)
  A fire dragon (Vaults:1)
  2 yaktaur captains
  10 hydras
  A rakshasa (D:15)
  5 vault guards (Vaults:1)
  2 great orbs of eyes (Vaults:1)
  A ghost crab (Swamp:4)
  3 catoblepae (Lair:6)
  5 centaur warriors
  3 shambling mangroves (Swamp:4)
  9 alligators
  14 death yaks
  19 two-headed ogres
  4 ogre magi (Vaults:1)
  6 orc high priests
  A shadow wraith (Vaults:1)
  A skeletal warrior (D:14)
  A deep elf knight (Vaults:1)
  A flayed ghost (Vaults:1)
  An orange crystal statue (Gauntlet)
  9 swamp dragons
  6 unseen horrors
  A deep elf archer (D:14)
  A necromancer (Spider:3)
  5 ironbrand convokers (Vaults:1)
  3 orc knights (Orc:2)
  16 wolf spiders
  8 wolf spider zombies (Spider:3)
  6 orc sorcerers (Orc:2)
  19 orb spiders
  7 deep elf magi
  16 ugly things
  5 cyclopes
  4 manticores
  9 elephants
  2 moths of wrath
  2 black mambas
  2 torpor snails
  3 gargoyles
  2 vault sentinels (Vaults:1)
  12 spiny frogs
  5 centaur skeletons
  8 redback zombies (Spider:3)
  5 yaktaurs
  3 rime drakes
  5 komodo dragons
  10 demonic crawlers
  5 trolls
  4 red devils (D:13)
  20 jumping spiders
  10 tyrant leeches
  A queen bee (D:11)
  2 polar bears
  11 hornets
  3 meliai (Spider:3)
  7 dream sheep (Lair:5)
  19 slime creatures
  18 blink frogs
  7 hippogriffs
  9 bog bodies
  A raiju (Gauntlet)
  8 tarantella zombies (Spider:3)
  A spriggan (Swamp:2)
  54 redbacks
  4 shadows
  28 tarantellas
  3 wraiths
  56 yaks
  A vampire (D:15)
  A hog (shapeshifter) (Vaults:1)
  A steam dragon (D:10)
  7 basilisks
  2 hungry ghosts (D:7)
  36 vampire mosquitoes
  Edmund (D:4)
  21 swamp worms
  3 insubstantial wisps (Swamp:4)
  5 wargs
  An acid dragon (D:14)
  13 water moccasins
  9 porcupines
  An ice beast (D:11)
  17 swamp drakes
  7 sky beasts
  50 orc warriors
  3 phantoms
  An eye of draining (D:12)
  A necrophage (D:11)
  26 ogres
  5 wolves (Lair:3)
  18 crocodiles
  A centaur (D:14)
  A big kobold (D:13)
  A big kobold (shapeshifter) (D:14)
  21 bullfrogs
  An earth elemental (D:14)
  3 wyvern skeletons
  5 scorpions
  14 killer bees (D:11)
  4 wights (D:10)
  5 electric eels
  2 howler monkeys (D:13)
  3 centaur zombies
  8 crimson imps
  2 bullfrog zombies (D:7)
  A quasit (D:15)
  9 hounds
  3 jellies
  A bullfrog skeleton (D:7)
  32 orc priests
  28 orc wizards
  5 iguanas
  19 worker ants
  A lightning spire (Gauntlet)
  A hound skeleton (D:7)
  11 gnolls
  2 worker ant zombies
  9 adders
  5 shadow imps
  An ooze (D:2)
  An adder zombie (D:6)
  2 adder skeletons (D:4)
  5 worms
  3 dart slugs
  7 leopard geckos
  128 orcs
  4 ball pythons
  6 bats
  7 giant cockroaches
  7 goblins
  11 hobgoblins
  26 jackals
  6 quokkas
  4 frilled lizards
  A jackal skeleton (D:4)
  11 kobolds
  9 rats
  6 fungi
  7 plants
1255 creatures vanquished.

Vanquished Creatures (collateral kills)
  A spriggan berserker (Swamp:4)
  A spiny frog (Swamp:4)
  2 blink frogs (Swamp:4)
  A vampire mosquito (Swamp:4)
  2 insubstantial wisps (Swamp:4)
  A swamp drake (Swamp:4)
8 creatures vanquished.

Vanquished Creatures (others)
  A spiny frog (Swamp:1)
  A jumping spider (Spider:3)
  A blink frog (Swamp:4)
  An orc priest (Orc:2)
  A fungus (Lair:3)
  2 plants (Lair:5)
7 creatures vanquished.

Grand Total: 1270 creatures vanquished

Notes
Turn   | Place    | Note
-------+----------+-------------------------------------------
     0 | D:1      | ReteAZ the Minotaur Berserker began the quest for the Orb.
     0 | D:1      | Reached XP level 1. HP: 19/19 MP: 0/0
   316 | D:1      | Reached XP level 2. HP: 23/27 MP: 1/1
   334 | D:1      | Reached skill level 4 in Axes
   803 | D:2      | Reached XP level 3. HP: 24/33 MP: 2/2
   848 | D:2      | Reached ** piety under Trog
  1028 | D:2      | Found a faded altar of an unknown god.
  1289 | D:2      | Reached XP level 4. HP: 25/40 MP: 3/3
  2014 | D:3      | Reached skill level 5 in Axes
  2083 | D:3      | Reached XP level 5. HP: 40/47 MP: 4/4
  2217 | D:3      | Reached *** piety under Trog
  2984 | D:4      | Found a staircase to the Ecumenical Temple.
  3017 | D:4      | Reached XP level 6. HP: 46/55 MP: 5/5
  3019 | D:4      | Reached skill level 6 in Axes
  3082 | D:4      | Reached skill level 5 in Fighting
  3137 | D:4      | Noticed Edmund
  3149 | D:4      | Killed Edmund
  3230 | D:4      | Reached XP level 7. HP: 57/61 MP: 6/6
  3312 | D:4      | Found Fenn's Book Boutique.
  3680 | D:5      | Entered Level 5 of the Dungeon
  3705 | D:5      | Reached skill level 7 in Axes
  3711 | D:5      | Reached skill level 1 in Shields
  3751 | D:5      | Reached **** piety under Trog
  4061 | D:5      | Reached skill level 5 in Armour
  4672 | D:6      | Reached XP level 8. HP: 44/70 MP: 7/7
  4778 | D:6      | Reached skill level 8 in Axes
  4806 | D:6      | Reached skill level 5 in Dodging
  5100 | D:6      | Found a hazy altar of Hepliaklqana.
  5323 | D:7      | Found Seonwean's Food Shoppe.
  5426 | D:7      | Reached skill level 9 in Axes
  5505 | D:7      | Found an iron altar of Okawaru.
  5635 | D:7      | Reached XP level 9. HP: 79/79 MP: 8/8
  5704 | D:7      | Noticed a cyan ugly thing
  5711 | D:7      | Killed a cyan ugly thing
  5729 | D:7      | Reached skill level 10 in Axes
  5765 | D:7      | Found the +8 autumn katana {slice, Clar}
  5786 | D:7      | Reached ***** piety under Trog
  6008 | D:7      | Reached skill level 11 in Axes
  6051 | D:7      | Found a shadowy altar of Dithmenos.
  6052 | D:7      | Found a shadowy altar of Dithmenos.
  6052 | D:7      | Found an ornate altar of the Wu Jian Council.
  6052 | D:7      | Found a shimmering altar of Xom.
  6165 | D:7      | Got a dazzling plate armour
  6176 | D:7      | Identified the cursed +0 plate armour of Misanthropy {rElec
                  | Int+4} (You found it on level 7 of the Dungeon)
  6458 | D:8      | Reached XP level 10. HP: 79/90 MP: 9/9
  6690 | D:8      | Found a white marble altar of Elyvilon.
  6718 | D:9      | Found Kadik's General Store.
  6720 | D:9      | Bought a scroll of identify for 28 gold pieces
  7036 | D:9      | Noticed a two-headed ogre
  7042 | D:9      | Killed a two-headed ogre
  7042 | D:9      | Reached skill level 12 in Axes
  7362 | D:10     | Entered Level 10 of the Dungeon
  7526 | D:10     | Reached skill level 13 in Axes
  7603 | D:10     | Found a staircase to the Orcish Mines.
  7620 | D:10     | Noticed a cyclops
  7630 | D:10     | Killed a cyclops
  7856 | D:10     | Reached skill level 14 in Axes
  8009 | D:10     | Killed an unseen horror
  8423 | D:11     | Reached XP level 11. HP: 90/97 MP: 10/10
  8454 | D:11     | Reached skill level 15 in Axes
  8482 | D:11     | Found a staircase to the Lair.
  8693 | D:11     | Reached ****** piety under Trog
  8707 | D:11     | Found a hide-covered altar of Uskayaw.
  9373 | D:11     | Found a portal to a secret trove of treasure.
  9422 | D:12     | Received a gift from Trog
  9425 | D:12     | Reached skill level 16 in Axes
  9747 | D:12     | Noticed a brown ugly thing
  9769 | D:12     | Killed a brown ugly thing
 10106 | D:12     | Reached skill level 17 in Axes
 10271 | D:12     | Found Qirishrir's Antique Weapon Shoppe.
 10444 | Lair:1   | Entered Level 1 of the Lair of Beasts
 10621 | Lair:1   | Noticed Gastronok
 10633 | Lair:1   | Killed Gastronok
 10633 | Lair:1   | Reached skill level 18 in Axes
 10633 | Lair:1   | Reached XP level 12. HP: 98/104 MP: 11/11
 10862 | Lair:1   | Reached skill level 1 in Evocations
 11207 | Lair:2   | Found a hole to the Spider Nest.
 11224 | Lair:2   | Noticed an eight-headed hydra
 11232 | Lair:2   | Killed a two-headed hydra
 11676 | Lair:2   | Found a glowing golden altar of the Shining One.
 12058 | Lair:3   | Reached skill level 10 in Fighting
 12083 | Lair:3   | Received a gift from Trog
 12105 | Lair:3   | Got a steaming battleaxe {god gift}
 12347 | Lair:3   | Identified the +1 battleaxe of Vanity {freeze, Dex+5} (Trog
                  | gifted it to you on level 3 of the Lair of Beasts)
 13384 | Lair:3   | Found a staircase to the Swamp.
 13598 | Lair:4   | Found a sparkling altar of Nemelex Xobeh.
 13746 | Lair:4   | Reached skill level 19 in Axes
 13840 | Lair:4   | Reached XP level 13. HP: 96/114 MP: 14/14
 14746 | Lair:5   | Found a staircase to the Slime Pits.
 15184 | Lair:6   | Entered Level 6 of the Lair of Beasts
 15217 | Lair:6   | Received a gift from Trog
 15248 | Lair:6   | Reached skill level 10 in Armour
 15335 | Lair:6   | Reached skill level 5 in Evocations
 15798 | Lair:6   | Reached skill level 20 in Axes
 16021 | Lair:6   | Reached XP level 14. HP: 124/124 MP: 16/16
 16870 | Orc:1    | Entered Level 1 of the Orcish Mines
 16986 | Orc:1    | Received a gift from Trog
 17523 | Orc:2    | Entered Level 2 of the Orcish Mines
 17527 | Orc:2    | Noticed Rupert
 17541 | Orc:2    | Killed Rupert
 17541 | Orc:2    | Reached skill level 10 in Dodging
 17717 | Orc:2    | Noticed Jorgrun
 17745 | Orc:2    | Killed Jorgrun
 18075 | Orc:2    | Paralysed by an orc sorcerer for 6 turns
 18113 | Orc:2    | Found a roughly hewn altar of Beogh.
 18142 | Orc:2    | Found Vyusetwo's Gadget Emporium.
 18153 | Orc:2    | Found Rusou's Jewellery Shoppe.
 18248 | Orc:2    | Received a gift from Trog
 18442 | Orc:2    | Reached skill level 21 in Axes
 18780 | Orc:2    | Found a staircase to the Elven Halls.
 18927 | Orc:2    | Noticed Snorg
 18936 | Orc:2    | Killed Snorg
 18984 | Orc:2    | Noticed an orc warlord
 19018 | Orc:2    | Killed an orc warlord
 19062 | Orc:2    | Found Ziod's Antique Armour Shoppe.
 19085 | Orc:2    | Bought a pair of boots for 130 gold pieces
 19085 | Orc:2    | Bought a pair of embroidered gloves for 217 gold pieces
 19107 | Orc:2    | Found a roughly hewn altar of Beogh.
 19133 | Orc:2    | Reached XP level 15. HP: 92/134 MP: 5/17
 19183 | Orc:2    | Gained mutation: You are clumsy. (Dex -2) [a neqoxec]
 19266 | Orc:2    | Received a gift from Trog
 19276 | Orc:2    | Found Dimm's Distillery.
 19602 | D:13     | Found Negud's Changing Room.
 20442 | Lair:6   | Got a bloodstained battleaxe {god gift}
 20443 | Lair:6   | Identified the +7 battleaxe of Umifix Diaw {drain, rF+
                  | Int+3} (Trog gifted it to you on level 6 of the Lair of
                  | Beasts)
 20586 | D:14     | Noticed a tengu reaver
 20597 | D:14     | Killed a tengu reaver
 20966 | D:14     | Found Urghauko's Pet Rocks.
 20981 | D:14     | Received a gift from Trog
 21124 | D:14     | Found a gate to the Vaults.
 21335 | D:14     | Found Toakumun's General Store.
 21343 | D:14     | Bought a scroll of teleportation for 51 gold pieces
 21787 | D:15     | Entered Level 15 of the Dungeon
 21797 | D:15     | Found a gate leading to a gauntlet.
 21806 | Gauntlet | Entered a Gauntlet
 21806 | Gauntlet | Found a transporter.
 21806 | Gauntlet | Found a transporter.
 21808 | Gauntlet | Found a transporter.
 21808 | Gauntlet | Found a transporter.
 21811 | Gauntlet | Found a transporter.
 21813 | Gauntlet | Found a large runed translucent door.
 21814 | Gauntlet | Found a large runed translucent door.
 21815 | Gauntlet | Found a large runed translucent door.
 21815 | Gauntlet | Found a large runed translucent door.
 21815 | Gauntlet | Found a runed translucent door.
 21815 | Gauntlet | Found a runed translucent door.
 21816 | Gauntlet | Found a large runed translucent door.
 21816 | Gauntlet | Found a large runed translucent door.
 21816 | Gauntlet | Found a large runed translucent door.
 21816 | Gauntlet | Found a large runed translucent door.
 21817 | Gauntlet | Found a large runed translucent door.
 21817 | Gauntlet | Found a large runed translucent door.
 21817 | Gauntlet | Found a large runed translucent door.
 21818 | Gauntlet | Found a large runed translucent door.
 21820 | Gauntlet | Found a transporter.
 21822 | Gauntlet | Found a transporter.
 21830 | Gauntlet | Found a large runed translucent door.
 21830 | Gauntlet | Found a large runed translucent door.
 21831 | Gauntlet | Found a runed translucent gate.
 21831 | Gauntlet | Found a runed translucent gate.
 21831 | Gauntlet | Found a runed translucent gate.
 21845 | Gauntlet | Found a transporter.
 21924 | Gauntlet | Found a transporter.
 21938 | Gauntlet | Found a transporter.
 21948 | Gauntlet | Found a transporter.
 21965 | Gauntlet | Found a large runed translucent door.
 21966 | Gauntlet | Found a large runed translucent door.
 21969 | Gauntlet | Found a transporter.
 22062 | Gauntlet | Reached skill level 22 in Axes
 22098 | Gauntlet | Got a scintillating granite ring
 22151 | Gauntlet | Identified the +2 hunting sling of a volcano {flame, rElec
                  | rPois MR+ MP+9}
 22171 | Gauntlet | Identified the ring of Iklus {Ice +Inv rN+} (You found it
                  | in a Gauntlet)
 22765 | D:15     | Found a staircase to the Depths.
 23102 | Swamp:1  | Entered Level 1 of the Swamp
 24151 | Swamp:2  | Reached XP level 16. HP: 76/146 MP: 18/18
 24420 | Swamp:2  | Noticed Aizul
 24445 | Swamp:2  | Killed Aizul
 24906 | Swamp:2  | Received a gift from Trog
 25911 | Swamp:4  | Entered Level 4 of the Swamp
 26192 | Swamp:4  | Received a gift from Trog
 26366 | Swamp:4  | Reached skill level 23 in Axes
 27196 | Swamp:4  | Noticed a thorn hunter
 27218 | Swamp:4  | Killed a thorn hunter
 27714 | Swamp:4  | Found a runed translucent door.
 27715 | Swamp:4  | Found a shimmering altar of Xom.
 27715 | Swamp:4  | Noticed Peloso's ghost (adept MiFi)
 27717 | Swamp:4  | Identified the +6 rapier "Grim" {chaos, Dex+6}
 27794 | Swamp:4  | Got a decaying rune of Zot
 27813 | Swamp:4  | Found the +5 scythe "Finisher" {speed, eviscerate}
 27859 | Swamp:4  | Noticed Roxanne
 27882 | Swamp:4  | Killed Roxanne
 28302 | Spider:1 | Entered Level 1 of the Spider Nest
 28309 | Spider:1 | Reached skill level 15 in Fighting
 28328 | Spider:1 | Received a gift from Trog
 28924 | Spider:1 | Reached XP level 17. HP: 124/156 MP: 19/19
 29706 | Spider:2 | You fall into a shaft and drop 1 floor!
 29719 | Spider:3 | Received a gift from Trog
 30108 | Spider:2 | Reached skill level 15 in Armour
 31314 | Spider:3 | Reached skill level 24 in Axes
 31414 | Spider:4 | Entered Level 4 of the Spider Nest
 33048 | Spider:4 | Got a gossamer rune of Zot
 33266 | Vaults:1 | Entered Level 1 of the Vaults
 33317 | Vaults:1 | Noticed Asterion
 33325 | Vaults:1 | Reached XP level 18. HP: 155/166 MP: 21/21
 33334 | Vaults:1 | Killed Asterion
 33334 | Vaults:1 | Received a gift from Trog
 33784 | Vaults:1 | Reached skill level 25 in Axes
 34599 | Vaults:1 | Received a gift from Trog
 34801 | Vaults:1 | Noticed a lich
 34827 | Vaults:1 | Gained mutation: You do not regenerate when monsters are
                  | visible. [a cacodemon]
 34830 | Vaults:1 | Noticed a Hell Sentinel
 34833 | Vaults:1 | Gained mutation: Scrolls take you a little longer to read.
                  | [a cacodemon]
 34837 | Vaults:1 | Annihilated by a reaper

Levels and vault maps discovered:
D:1:      tarquinn_simple_flora_water_f, layout_loops_ring, serial_glass,
          glass_columns_a, glass_columns_b, glass_columns_a, glass_columns_a
D:2:      layout_basic, chequers_ecumenical_altar_simple, grunt_ministairs_1,
          kennysheep_boxes
D:3:      layout_loops_ring
D:4:      layout_loops_cross, minmay_temple_entry_ruins, serial_shops, shop,
          first_ration, uniq_edmund
D:5:      layout_loops_ring, kennysheep_potato
D:6:      layout_rooms, lemuel_statue_altar
D:7:      minmay_the_grid_octo_tiled_octocenter [minmay_the_grid_octo_checkered,
          minmay_the_grid_octo_shrine, minmay_the_grid_octo_pinwheel,
          minmay_the_grid_octo_tetromino_candy, minmay_the_grid_octo_prize_star,
          minmay_the_grid_square_5x5_sharp_hourglass,
          minmay_the_grid_square_5x5_forky, minmay_the_grid_square_5x5_percent,
          minmay_the_grid_square_5x5_spiral], layout_basic, okawaru_trees_1,
          serial_shops, kennysheep_mini_moat
D:8:      layout_basic, basic_altar, hangedman_abyss_or_decor_lesser_grid
D:9:      layout_loops_corners, serial_shops, shop
D:10:     layout_irregular_city, orc_0_dummy
D:11:     layout_roguey, minmay_lair_entry_grove, basic_altar, enter_trove_6,
          david_nohive_1, minivault_5
D:12:     layout_basic, serial_shops, shop, lemuel_another_geyser
D:13:     layout_loops_ring, nicolae_transmutations_shop,
          einodemon_armed_red_devil_minivault
D:14:     minmay_diamond_stairs, layout_irregular_city,
          hangedman_vaults_entry_quadrant_bands, serial_shops, shop,
          minmay_misc_feat_cross, guppyfry_shop_earth
D:15:     grunt_enter_depths_snipers, layout_basic, gauntlet_entry_generic,
          minmay_stone_trees_medium
Lair:1:   layout_gridlike, uniq_gastronok
Lair:2:   layout_gridlike, spider_nest_entry_web_field, basic_altar
Lair:3:   layout_loops_ring, minmay_swamp_entry_worms, serial_bayou_ford_a,
          serial_bayou_shore_b
Lair:4:   layout_long_grid, basic_altar, grunt_megastairs_2
Lair:5:   layout_roguey, slime_dummy, serial_bayou, serial_bayou_shore_a,
          serial_bayou_lake_a, serial_bayou_crossing, serial_bayou_lagoon_a
Lair:6:   evilmike_catoblepas_cave, layout_hall_layers, grunt_megastairs_1,
          lemuel_fruit_tree
Swamp:1:  layout_basic_swamp, serial_swamp_ruin, evilmike_swamp_ruin_house_5,
          evilmike_swamp_ruin_house_6
Swamp:2:  layout_basic_swamp, evilmike_swamp_ruin_house_4,
          infiniplex_staircase_pool_2, uniq_aizul
Swamp:3:  layout_basic_swamp, evilmike_swamp_ruin_rubble_1
Swamp:4:  swamp_basic_johnstein, layout_basic_swamp, ebering_ghost_xom,
          uniq_roxanne
Spider:1: layout_spider_delve
Spider:2: layout_spider_delve
Spider:3: lemuel_spider_zombies, spiders_nest_ghost_moth_duel
Spider:4: grunt_spider_rune_circles
Orc:1:    layout_diamond_mine, nicolae_orc_bridge_out
Orc:2:    pubby_orc_utopia, uniq_jorgrun, uniq_snorg, uniq_rupert
Vaults:1: vaults_dpeg_doors, nicolae_vaults_shelves_hall,
          nicolae_vaults_network_star, nicolae_vaults_little_squares_1,
          nicolae_vaults_little_squares_3, v_misc_18,
          hangedman_vaults_stretched_pinwheel, st_hourglassy,
          nicolae_vaults_three_branches, vaults_room_ringed_pool,
          layout_vaults_big_room, uniq_asterion

Skill      XL: |  1  2  3  4  5  6  7  8  9 10 11 12 13 14 15 16 17 18 |
---------------+-------------------------------------------------------+-----
Axes           | 4 5 6 7 9 11 14 18 19 20 21 22 23 24 25 | 25.4
Fighting       | 4 5 6 7 8 9 10 11 12 14 15 16 17 | 17.1
Armour         | 3 4 5 6 8 9 10 12 13 14 15 16 | 16.7
Dodging        | 3 4 5 6 7 9 10 12 13 | 13.1
Shields        | 2 4 |  4.0
Evocations     | 3 5 6 |  6.0

Action                   |  1- 3 |  4- 6 |  7- 9 | 10-12 | 13-15 | 16-18 || total
-------------------------+-------+-------+-------+-------+-------+-------++-------
Melee: Hand axe          |    99 |   192 |   278 |       |       |       ||   569
       Headbutt          |    15 |    41 |    71 |   116 |   246 |   273 ||   762
       Broad axe         |       |       |    89 |   585 |   714 |   432 ||  1820
       Executioner's axe |       |       |       |       |   265 |       ||   265
       Battleaxe         |       |       |       |       |   182 |   732 ||   914
Throw: Dart              |     4 |       |    17 |    13 |     3 |       ||    37
       Javelin           |       |       |       |       |       |    25 ||    25
Invok: Trog's Hand       |       |       |     2 |       |    11 |     9 ||    22
       Berserk           |       |       |       |     1 |     3 |       ||     4
       Brothers in Arms  |       |       |       |       |     1 |     2 ||     3
Evoke: Wand              |       |       |       |       |     1 |       ||     1
  Use: Potion            |       |     1 |       |       |       |     5 ||     6
       Scroll            |       |       |     4 |    12 |    12 |     4 ||    32
 Stab: Sleeping          |       |     1 |       |       |       |       ||     1
       Invisible         |       |       |     1 |       |       |       ||     1
       Petrified         |       |       |       |       |     6 |       ||     6
       Petrifying        |       |       |       |       |     1 |       ||     1
       Distracted        |       |       |       |       |       |     1 ||     1
  Eat: Chunk             |     1 |     7 |    13 |    21 |    31 |    33 ||   106
       Ration            |       |       |       |     1 |     3 |     2 ||     6
Armor: Animal skin       |    19 |       |       |       |       |       ||    19
       Chain mail        |       |    84 |    96 |       |       |       ||   180
       Plate armour      |       |       |    41 |   215 |   389 |   756 ||  1401
Dodge: Dodged            |    55 |    54 |   108 |   188 |   505 |   773 ||  1683
       Deflected         |       |       |       |       |     6 |       ||     6
Block: Shield            |       |    57 |     4 |       |       |       ||    61
       Buckler           |       |       |    67 |   147 |   141 |   118 ||   473
       Reflection        |       |       |     1 |       |     6 |     2 ||     9
       Other             |       |       |       |       |    36 |    97 ||   133
